 Dungeon Crawl Stone Soup version 0.24.0-123-gd5b16e6ec5 (webtiles) character file.

Game seed: 3664265177185405051, levelgen mode: deterministic

255 Descartes the Chiller (level 5, 0/28 HPs)
             Began as a Deep Elf Wanderer on Jan 7, 2020.
             Slain by Blork the orc
             ... wielding a +0 flail
              (4 damage)
             ... on level 4 of the Dungeon.
             The game lasted 00:12:52 (3590 turns).

Descartes the Chiller (Deep Elf Wanderer)           Turns: 3590, Time: 00:12:52

Health: 0/28       AC:  2    Str: 11    XL:     5   Next: 91%
Magic:  6/11       EV: 12    Int: 18    God:
Gold:   88         SH:  0    Dex: 12    Spells: 5/10 levels left

rFire    . . .     SeeInvis .   h - +2 dagger (venom)
rCold    . . .     Gourm    .   (no shield)
rNeg     . . .     Faith    .   d - +0 robe
rPois    .         Spirit   .   (no helmet)
rElec    .         Reflect  .   (no cloak)
rCorr    .         Harm     .   (no gloves)
MR       .....                  (no boots)
Stlth    ++........             (no amulet)
HPRegen  0.09/turn              (no ring)
MPRegen  0.12/turn              (no ring)

@: very slightly contaminated
A: no striking features
a: no special abilities


You were on level 4 of the Dungeon.
You were not hungry.

You visited 1 branch of the dungeon, and saw 4 of its levels.

You collected 88 gold pieces.

Inventory:

Hand Weapons
 h - a +2 dagger of venom (weapon)
Missiles
 a - 38 stones (quivered)
 i - 45 arrows
 m - 41 sling bullets
 t - 10 poisoned darts
Armour
 d - a +0 robe (worn)
 q - a +1 shield
Jewellery
 s - an uncursed ring of poison resistance {unknown}
Wands
 u - a wand of random effects (17)
 v - a wand of flame (26)
Scrolls
 g - 4 scrolls of identify
 r - a scroll of enchant armour
Potions
 b - a potion of haste {unknown}
 c - a potion of lignification
 j - 2 potions of magic
 k - a potion of flight {unknown}
 n - 2 potions of curing {unknown}
Comestibles
 f - 8 rations
 o - 6 chunks of flesh


   Skills:
 + Level 2.3 Dodging
 + Level 3.2 Stealth
 + Level 1.6 Shields
 + Level 3.2 Spellcasting
 + Level 3.3 Conjurations
   Level 1.2 Necromancy
 + Level 2.2 Fire Magic
 + Level 5.1 Ice Magic


You had 5 spell levels left.
You knew the following spells:

 Your Spells              Type           Power        Failure   Level  Hunger
a - Flame Tongue          Conj/Fire      ##...        5%          1    None
b - Freeze                Ice            ###.         1%          1    None
c - Conjure Flame         Conj/Fire      ##......     16%         3    ###....

Your spell library contained the following spells:

 Spells                   Type           Power        Failure   Level  Hunger
 Throw Frost              Conj/Ice       ###...       4%          2    ##.....
 Ozocubu's Armour         Chrm/Ice       ##......     17%         3    ###....
 Throw Icicle             Conj/Ice       ###.....     28%         4    ####...
 Summon Ice Beast         Ice/Summ       ##......     50%         4    ####...


Dungeon Overview and Level Annotations

Branches:
Dungeon (4/15)
 Temple: D:4-7

Altars:
Fedhas
Kikubaaqudgha
Xom
Zin

Annotations:
D:4 Blork the orc


Message History

The ooze is severely wounded.
The ooze barely misses you. Something hits you but does no damage.
You hit the ooze.
The ooze is almost dead.
The ooze hits you.
You hit the ooze.
You kill the ooze!
You hear some strange, mumbled words.
A puff of flame appears from out of thin air!
The puff of flame hits you!
You barely miss something. Something hits you.
You hit something. Something hits you.
* * * LOW HITPOINT WARNING * * *
You hit something but do no damage. Something barely misses you.
You hit something. Something barely misses you.
You closely miss something. Something hits you.
* * * LOW HITPOINT WARNING * * *
You closely miss something. You hit something. Something hits you.
You die...

##..........
#..>........
#$..........
#...........
#...........
....#
#...........
....#
#...........
...>#
#)@.......
....#
####..####
....# ##
....# ....#
....# .##.#
## .# # ..


There were no monsters in sight!

Vanquished Creatures
  A scorpion (D:3)
  Natasha (thrice) (D:3)
  4 adders
  An ooze (D:4)
  5 leopard geckos
  7 orcs
  A ball python (D:3)
  6 bats
  8 giant cockroaches
  9 goblins
  9 hobgoblins
  3 jackals (D:3)
  5 kobolds
  A quokka (D:2)
  3 frilled lizards
  7 rats
73 creatures vanquished.

Notes
Turn   | Place    | Note
-------+----------+-------------------------------------------
     0 | D:1      | Descartes the Deep Elf Wanderer began the quest for the
                  | Orb.
     0 | D:1      | Descartes set off with the following items: a +0 dagger, a
                  | potion of lignification, a +0 robe, a ration; and the
                  | following spells available to memorise: Freeze, Throw
                  | Frost, Flame Tongue, Ozocubu's Armour, Conjure Flame, Throw
                  | Icicle, Summon Ice Beast
     0 | D:1      | Reached XP level 1. HP: 10/10 MP: 5/5
     2 | D:1      | Learned a level 1 spell: Flame Tongue
     4 | D:1      | Learned a level 1 spell: Freeze
   469 | D:1      | Reached XP level 2. HP: 13/15 MP: 3/6
   979 | D:1      | Reached skill level 1 in Fire Magic
  1147 | D:2      | Reached XP level 3. HP: 15/19 MP: 3/8
  1540 | D:2      | Found an ancient bone altar of Kikubaaqudgha.
  1634 | D:2      | Reached skill level 1 in Dodging
  1944 | D:2      | Learned a level 3 spell: Conjure Flame
  2004 | D:2      | Found a blossoming altar of Fedhas.
  2328 | D:3      | Reached XP level 4. HP: 20/24 MP: 4/9
  2445 | D:3      | Found a glowing silver altar of Zin.
  2449 | D:3      | Noticed an angel
  2460 | D:3      | Found a shimmering altar of Xom.
  2755 | D:3      | Reached XP level 5. HP: 28/28 MP: 9/11
  2907 | D:3      | Noticed Natasha
  2915 | D:3      | Killed Natasha
  3020 | D:3      | Noticed Natasha
  3045 | D:3      | Killed Natasha
  3045 | D:3      | Reached skill level 5 in Ice Magic
  3165 | D:3      | Noticed Natasha
  3172 | D:3      | Killed Natasha
  3574 | D:4      | Noticed Blork the orc
  3590 | D:4      | Slain by Blork the orc

Levels and vault maps discovered:
D:1:      scummos_arrival_forest, layout_basic
D:2:      layout_basic, kiku_gazebo_pond_becter, fedhas_altar_3
D:3:      layout_loops_ring, grunt_temple_overflow_order_and_chaos_1,
          uniq_natasha
D:4:      layout_rooms, nicolae_ossuary_entry_monument, uniq_blork_the_orc

Skill      XL: |  1  2  3  4  5 |
---------------+----------------+-----
Spellcasting   | 2 3 |  3.2
Fire Magic     | 1 2 |  2.2
Stealth        | 2 3 |  3.2
Dodging        | 1 2 |  2.3
Conjurations   | 3 |  3.3
Ice Magic      | 5 |  5.1
Shields        | |  1.6
Necromancy     | |  1.2

Action                   |  1- 3 |  4- 6 || total
-------------------------+-------+-------++-------
Melee: Dagger            |     3 |    13 ||    16
 Cast: Freeze            |    34 |    25 ||    59
       Flame Tongue      |    41 |    41 ||    82
  Use: Scroll            |       |     6 ||     6
  Eat: Chunk             |     5 |     4 ||     9
Armor: Robe              |     4 |     3 ||     7
Dodge: Dodged            |    17 |    22 ||    39
